ORI
UNIVERSITY OF SOUTHERN CALIFORNIA TROJANS @ FLORIDA STATE UNIVERSITY SEMINOLES
08/01/2044
 
TOP OF THE 1ST
University of Southern California Trojans batting - Pitching for Florida State University Seminoles : RHP Joe Sloboda
Pitching: RHP Joe Sloboda
Batting: RHB Tameo Shigematsu 0-0: Foul Ball, location: 2F
0-1: Called Strike
0-2: Strikes out looking
Batting: SHB Rodrigo Mendoza 0-0: Ball
1-0: Foul Ball, location: 2F
1-1: Ball
2-1: Ball
3-1: Foul Ball, location: 2F
3-2: Foul Ball, location: 2F
3-2: Strikes out swinging
Batting: LHB Miguel Espinoza 0-0: Foul Ball, location: 2F
0-1: Called Strike
0-2: Strikes out swinging
Top of the 1st over - 0 runs, 0 hits, 0 errors, 0 left on base; University of Southern California 0 - Florida State University 0
BOTTOM OF THE 1ST
Florida State University Seminoles batting - Pitching for University of Southern California Trojans : LHP Shirou Yoshida
Pitching: LHP Shirou Yoshida
Batting: RHB Devon Brown 0-0: Ball
1-0: Called Strike
1-1: Called Strike
1-2: SINGLE (Line Drive, 8RS, EV 90.0 MPH)
Batting: RHB Israel Quinteros 0-0: Fly out, F8 (Flyball, 89M, EV 92.5 MPH)
Batting: RHB Lupe Barrera 0-0: Called Strike
0-1: Foul Ball, location: 2F
0-2: Ball
1-2: Strikes out swinging
Batting: RHB Jeremy Buck 0-0: Ball
1-0: SINGLE (Line Drive, 9, EV 85.6 MPH)
Devon Brown to second
Batting: LHB Raul Maldonado 0-0: Called Strike
0-1: Ball
1-1: Ball
2-1: Ground out U3 (Groundball, 3S, EV 83.8 MPH)
Bottom of the 1st over - 0 runs, 2 hits, 0 errors, 2 left on base; University of Southern California 0 - Florida State University 0
TOP OF THE 2ND
University of Southern California Trojans batting - Pitching for Florida State University Seminoles : RHP Joe Sloboda
Batting: RHB Jon Solis 0-0: Called Strike
0-1: Foul Ball, location: 2F
0-2: Ball
1-2: Foul Ball, location: 2F
1-2: Strikes out looking
Batting: RHB Adam Copsey 0-0: Ball
1-0: Called Strike
1-1: Called Strike
1-2: Foul Ball, location: 2F
1-2: Ball
2-2: Ground out 6-3 (Groundball, 56, EV 91.9 MPH)
Batting: RHB Luis Cruz 0-0: Ball
1-0: Foul Ball, location: 2F
1-1: Called Strike
1-2: SINGLE (Line Drive, 7S, EV 101.3 MPH)
Batting: LHB Kien-lung Zou 0-0: Ball
1-0: Called Strike
1-1: Foul Ball, location: 2F
1-2: Foul Ball, location: 2F
1-2: Strikes out looking
Top of the 2nd over - 0 runs, 1 hit, 0 errors, 1 left on base; University of Southern California 0 - Florida State University 0
BOTTOM OF THE 2ND
Florida State University Seminoles batting - Pitching for University of Southern California Trojans : LHP Shirou Yoshida
Batting: RHB Victor Ramirez 0-0: Ball
1-0: Ball
2-0: SINGLE (Groundball, 56D, EV 104.4 MPH)
Batting: SHB Ed Mosqueda 0-0: Called Strike
0-1: Ball
1-1: SINGLE (Line Drive, 4MD, EV 103.1 MPH)
Victor Ramirez to second
Batting: LHB Jai-guo Bian 0-0: Called Strike
0-1: Called Strike
0-2: Fly out, F8 (Flyball, 8LM, EV 77.5 MPH)
Batting: SHB Alex Noval 0-0: Ball
1-0: Fielders Choice at 2nd, 4-6 (Groundball, 4, EV 100.0 MPH)
Victor Ramirez to third
Batting: RHB Devon Brown 0-0: Ball
Wild Pitch!
Victor Ramirez scores
Alex Noval to second
1-0: Called Strike
1-1: Ball
2-1: Foul Ball, location: 2F
2-2: Foul Ball, location: 2F
2-2: Fly out, F8 (Flyball, 8RS, EV 89.4 MPH)
Bottom of the 2nd over - 1 run, 2 hits, 0 errors, 1 left on base; University of Southern California 0 - Florida State University 1
TOP OF THE 3RD
University of Southern California Trojans batting - Pitching for Florida State University Seminoles : RHP Joe Sloboda
Batting: LHB Ivan Castillo 0-0: Ball
1-0: Ball
2-0: Swinging Strike
2-1: Called Strike
2-2: Ball
3-2: Foul Ball, location: 2F
3-2: Strikes out looking
Batting: RHB Albert Zaragoza 0-0: Swinging Strike
0-1: Ground out 5-3 (Groundball, 5, EV 95.6 MPH)
Batting: RHB Tameo Shigematsu 0-0: Called Strike
0-1: Ball
1-1: Swinging Strike
1-2: Ball
2-2: Reached on error, E5 (Groundball, 5L, EV 86.9 MPH)
Batting: SHB Rodrigo Mendoza 0-0: Fielders Choice at 2nd, U6 (Groundball, 6M, EV 85.0 MPH)
Top of the 3rd over - 0 runs, 0 hits, 1 error, 1 left on base; University of Southern California 0 - Florida State University 1
BOTTOM OF THE 3RD
Florida State University Seminoles batting - Pitching for University of Southern California Trojans : LHP Shirou Yoshida
Batting: RHB Israel Quinteros 0-0: Ball
1-0: Ground out 4-3 (Groundball, 4, EV 83.1 MPH)
Batting: RHB Lupe Barrera 0-0: Ball
1-0: Foul Ball, location: 2F
1-1: Swinging Strike
1-2: Foul Ball, location: 2F
1-2: Ball
2-2: Ball
3-2: Foul Ball, location: 2F
3-2: Ground out 6-3 (Groundball, 6, EV 85.0 MPH)
Batting: RHB Jeremy Buck 0-0: Ball
1-0: Ball
2-0: Fly out, F8 (Line Drive, 8LM, EV 93.1 MPH)
Bottom of the 3rd over - 0 runs, 0 hits, 0 errors, 0 left on base; University of Southern California 0 - Florida State University 1
TOP OF THE 4TH
University of Southern California Trojans batting - Pitching for Florida State University Seminoles : RHP Joe Sloboda
Batting: LHB Miguel Espinoza 0-0: Foul Ball, location: 2F
0-1: Swinging Strike
0-2: Ball
1-2: Strikes out swinging
Batting: RHB Jon Solis 0-0: Ball
1-0: Swinging Strike
1-1: Foul Ball, location: 2F
1-2: SINGLE (Flyball, 4D, EV 91.3 MPH)
Batting: RHB Adam Copsey 0-0: SINGLE (Line Drive, 8RM, EV 89.4 MPH)
Jon Solis to second
Batting: RHB Luis Cruz 0-0: Ball
1-0: Fly out, F8 (Flyball, 8LXD, EV 96.3 MPH)
Runner from 2nd tags up, SAFE at 3rd, no throw by CF
Batting: LHB Kien-lung Zou 0-0: SINGLE (Groundball, 4MD, EV 105.0 MPH)
Jon Solis scores
Adam Copsey to second
Runner from 2nd tries for 3rd, SAFE, throw by CF made to third
Batting: LHB Ivan Castillo 0-0: Swinging Strike
0-1: SINGLE (Groundball, 5D, EV 100.6 MPH)
Adam Copsey scores
Kien-lung Zou to second
Batting: RHB Albert Zaragoza 0-0: Fly out, F8 (Flyball, 8RM, EV 93.1 MPH)
Top of the 4th over - 2 runs, 4 hits, 0 errors, 2 left on base; University of Southern California 2 - Florida State University 1
BOTTOM OF THE 4TH
Florida State University Seminoles batting - Pitching for University of Southern California Trojans : LHP Shirou Yoshida
Batting: LHB Raul Maldonado 0-0: Swinging Strike
0-1: Ball
1-1: Ball
2-1: SINGLE (Groundball, 6MD, EV 103.1 MPH)
Batting: RHB Victor Ramirez 0-0: Ball
1-0: Fly out, F3 (Line Drive, 3, EV 71.3 MPH)
Batting: SHB Ed Mosqueda 0-0: Ball
1-0: Foul Ball, location: 2F
1-1: Foul Ball, location: 2F
1-2: DOUBLE (Line Drive, 5D, EV 97.5 MPH)
Raul Maldonado to third
Runner from 3rd tries for Home, SAFE, throw by LF to home
Batting: LHB Jai-guo Bian 0-0: Ball
1-0: Ball
2-0: Called Strike
2-1: Ball
3-1: Foul Ball, location: 2F
3-2: Foul Ball, location: 2F
3-2: Base on Balls
Batting: SHB Alex Noval 0-0: Ball
1-0: Ball
2-0: Ball
3-0: Base on Balls
Ed Mosqueda to third
Jai-guo Bian to second
Batting: RHB Devon Brown 0-0: Called Strike
0-1: Fly out, F3 (Popup, 3SF, EV 85.0 MPH)
Batting: RHB Israel Quinteros 0-0: Ball
1-0: Ball
2-0: Ball
3-0: Base on Balls
Ed Mosqueda scores
Jai-guo Bian to third
Alex Noval to second
Batting: RHB Lupe Barrera 0-0: SINGLE (Line Drive, 4MD, EV 101.9 MPH)
Jai-guo Bian scores
Alex Noval to third
Israel Quinteros to second
Runner from 3rd tries for Home, SAFE, throw by CF to home
Pitching: LHP Malcolm dejong
Batting: RHB Jeremy Buck 0-0: Called Strike
0-1: Foul Ball, location: 2F
0-2: Foul Ball, location: 2F
0-2: Ball
1-2: SINGLE (Line Drive, 56, EV 96.9 MPH)
Israel Quinteros to third
Lupe Barrera to second
Batting: LHB Raul Maldonado 0-0: Called Strike
0-1: Ball
1-1: Ball
2-1: Ball
3-1: Base on Balls
Israel Quinteros scores
Lupe Barrera to third
Jeremy Buck to second
Batting: RHB Victor Ramirez 0-0: Called Strike
0-1: Hit by Pitch
Lupe Barrera scores
Jeremy Buck to third
Raul Maldonado to second
Batting: SHB Ed Mosqueda 0-0: GRAND SLAM HOME RUN (Flyball, 9LD, EV 92.5 MPH), Distance : 348 ft
Pitching: RHP Teh-huai Fen
Batting: LHB Jai-guo Bian 0-0: Ball
1-0: Called Strike
1-1: Called Strike
1-2: Ball
2-2: Ball
3-2: Base on Balls
Pinch Hitting: LHB Jonathan Redden 0-0: Ball
1-0: Foul Ball, location: 2F
1-1: Ball
2-1: Ball
3-1: Base on Balls
Jai-guo Bian to second
Batting: RHB Devon Brown 0-0: Ball
1-0: Swinging Strike
1-1: Ball
2-1: Ball
3-1: Swinging Strike
3-2: Strikes out swinging
Bottom of the 4th over - 10 runs, 5 hits, 0 errors, 2 left on base; University of Southern California 2 - Florida State University 11
TOP OF THE 5TH
University of Southern California Trojans batting - Pitching for Florida State University Seminoles : RHP Joe Sloboda
Pitching: LHP Nate Moguel
Now in CF: Mark Conrad
Batting: RHB Tameo Shigematsu 0-0: SINGLE (Groundball, 15S, EV 66.3 MPH) (infield hit)
Batting: SHB Rodrigo Mendoza 0-0: Fly out, F9 (Line Drive, 9D, EV 91.3 MPH)
Batting: LHB Miguel Espinoza 0-0: Fielders Choice at 2nd, 6-4 (Groundball, 6, EV 102.5 MPH)
Batting: RHB Jon Solis 0-0: Ball
1-0: Called Strike
1-1: Fly out, F4 (Popup, 4S, EV 61.9 MPH)
Top of the 5th over - 0 runs, 1 hit, 0 errors, 1 left on base; University of Southern California 2 - Florida State University 11
BOTTOM OF THE 5TH
Florida State University Seminoles batting - Pitching for University of Southern California Trojans : RHP Teh-huai Fen
Batting: RHB Israel Quinteros 0-0: Fly out, F7 (Flyball, 78D, EV 91.9 MPH)
Batting: RHB Fouad Bausi 0-0: Called Strike
0-1: Ball
1-1: Ground out U3 (Groundball, 3L, EV 83.1 MPH)
Batting: RHB Jeremy Buck 0-0: Ball
1-0: SINGLE (Line Drive, 56D, EV 99.4 MPH)
Batting: LHB Raul Maldonado 0-0: Ball
1-0: SINGLE (Line Drive, 34, EV 96.9 MPH)
Jeremy Buck to second
Batting: RHB Victor Ramirez 0-0: Foul Ball, location: 2F
0-1: Foul Ball, location: 2F
0-2: Foul Ball, location: 2F
0-2: Ball
1-2: Ball
2-2: Strikes out swinging
Bottom of the 5th over - 0 runs, 2 hits, 0 errors, 2 left on base; University of Southern California 2 - Florida State University 11
TOP OF THE 6TH
University of Southern California Trojans batting - Pitching for Florida State University Seminoles : LHP Nate Moguel
Batting: RHB Adam Copsey 0-0: Ball
1-0: Called Strike
1-1: Swinging Strike
1-2: Ball
2-2: SINGLE (Groundball, 5S, EV 66.9 MPH) (infield hit)
Batting: RHB Luis Cruz 0-0: Ball
1-0: Ball
2-0: Fielders Choice at 2nd, 3-6 (Groundball, 3, EV 85.6 MPH)
Batting: LHB Kien-lung Zou 0-0: Ball
1-0: Called Strike
1-1: Foul Ball, location: 2F
1-2: Foul Ball, location: 2F
1-2: Foul Ball, location: 2F
1-2: Foul Ball, location: 2F
1-2: Ball
2-2: Foul Ball, location: 2F
2-2: Foul Ball, location: 2F
2-2: Ball
3-2: Foul Ball, location: 2F
3-2: Fielders Choice at 2nd, 4-6 (Groundball, 4, EV 104.4 MPH)
Now at SS: Ruben Gomez
Batting: LHB Ivan Castillo 0-0: Ball
1-0: Foul Ball, location: 2F
1-1: Fly out, F8 (Line Drive, 8RD, EV 93.8 MPH)
Top of the 6th over - 0 runs, 1 hit, 0 errors, 1 left on base; University of Southern California 2 - Florida State University 11
BOTTOM OF THE 6TH
Florida State University Seminoles batting - Pitching for University of Southern California Trojans : RHP Teh-huai Fen
Pinch Hitting: RHB Paul Holland 0-0: Ball
1-0: Ball
2-0: Foul Ball, location: 2F
2-1: Foul Ball, location: 2F
2-2: Ground out 5-3 (Groundball, 56S, EV 65.6 MPH)
Pinch Hitting: RHB Piero Ribsi 0-0: Ball
1-0: Foul Ball, location: 2F
1-1: Swinging Strike
1-2: SINGLE (Groundball, 56D, EV 95.6 MPH)
Batting: RHB Mark Conrad 0-0: Called Strike
0-1: SINGLE (Line Drive, 4MD, EV 98.8 MPH)
Piero Ribsi to second
Batting: RHB Ruben Gomez 0-0: Called Strike
0-1: Fly out, F8 (Flyball, 8RD, EV 101.3 MPH)
Pinch Hitting: RHB Bill Lawrence 0-0: Called Strike
0-1: Ball
1-1: Ball
2-1: Swinging Strike
2-2: Strikes out swinging
Bottom of the 6th over - 0 runs, 2 hits, 0 errors, 2 left on base; University of Southern California 2 - Florida State University 11
TOP OF THE 7TH
University of Southern California Trojans batting - Pitching for Florida State University Seminoles : LHP Nate Moguel
Now at 1B: Piero Ribsi
Now at 2B: Ruben Gomez
Now at SS: Paul Holland
Now in LF: Bill Lawrence
Batting: RHB Albert Zaragoza 0-0: Ball
1-0: Fly out, F6 (Flyball, 6D, EV 87.5 MPH)
Batting: RHB Tameo Shigematsu 0-0: Called Strike
0-1: Ball
1-1: Ball
2-1: Swinging Strike
2-2: Foul Ball, location: 2F
2-2: Foul Ball, location: 2F
2-2: Ground out 3-1 (Groundball, 34, EV 102.5 MPH)
Pinch Hitting: SHB Chris Barrett 0-0: Called Strike
0-1: Foul Ball, location: 2F
0-2: Ball
1-2: Strikes out swinging
Top of the 7th over - 0 runs, 0 hits, 0 errors, 0 left on base; University of Southern California 2 - Florida State University 11
BOTTOM OF THE 7TH
Florida State University Seminoles batting - Pitching for University of Southern California Trojans : RHP Teh-huai Fen
Now at 3B: Chris Barrett
Batting: RHB Fouad Bausi 0-0: Ground out 5-3 (Groundball, 5S, EV 89.4 MPH)
Pinch Hitting: RHB Tin-jong Ping 0-0: Swinging Strike
0-1: Ball
1-1: Ball
2-1: Ball
3-1: Base on Balls
Pitching: RHP Henrique Rabaa
Pinch Hitting: RHB Taffounnout Kame 0-0: Ball
1-0: Ball
2-0: Called Strike
2-1: Foul Ball, location: 2F
2-2: Ball
3-2: Base on Balls
Tin-jong Ping to second
Batting: RHB Victor Ramirez 0-0: Called Strike
0-1: Called Strike
0-2: Ball
1-2: SINGLE (Groundball, 34D, EV 102.5 MPH)
Tin-jong Ping to third
Taffounnout Kame to second
Runner from 3rd tries for Home, throw by RF and OUT! 9-2
Batting: RHB Paul Holland 0-0: Ball
1-0: Ball
2-0: Ball
3-0: Called Strike
3-1: Called Strike
3-2: Base on Balls
Taffounnout Kame to third
Victor Ramirez to second
Batting: RHB Piero Ribsi 0-0: Ball
1-0: Ball
2-0: Called Strike
2-1: Swinging Strike
2-2: Ball
3-2: Strikes out swinging
Bottom of the 7th over - 0 runs, 1 hit, 0 errors, 3 left on base; University of Southern California 2 - Florida State University 11
TOP OF THE 8TH
University of Southern California Trojans batting - Pitching for Florida State University Seminoles : LHP Nate Moguel
Now at 3B: Tin-jong Ping
Now in RF: Taffounnout Kame
Pinch Hitting: SHB Miguel Flores 0-0: Ball
1-0: Fly out, F8 (Flyball, 78D, EV 104.4 MPH)
Batting: RHB Jon Solis 0-0: Foul Ball, location: 2F
0-1: Ball
1-1: Ball
2-1: Ball
3-1: Called Strike
3-2: Fly out, F8 (Flyball, 8RXD, EV 98.8 MPH)
Pinch Hitting: RHB Melvin Ramirez 0-0: Ball
1-0: Called Strike
1-1: Ball
2-1: Ball
3-1: Ground out 4-3 (Groundball, 4, EV 83.1 MPH)
Top of the 8th over - 0 runs, 0 hits, 0 errors, 0 left on base; University of Southern California 2 - Florida State University 11
BOTTOM OF THE 8TH
Florida State University Seminoles batting - Pitching for University of Southern California Trojans : RHP Henrique Rabaa
Now at 1B: David Castillo
Now at 2B: Melvin Ramirez
Batting: RHB Mark Conrad 0-0: Ball
1-0: Swinging Strike
1-1: Ball
2-1: Foul Ball, location: 2F
2-2: Strikes out swinging
Pinch Hitting: SHB Scott Kuzma 0-0: Foul Ball, location: 2F
0-1: Ball
1-1: SINGLE (Line Drive, 7S, EV 105.6 MPH)
Pinch Hitting: RHB Willie Gomez 0-0: Called Strike
0-1: Fielders Choice at 2nd, 6-4 (Groundball, 6, EV 86.9 MPH)
Batting: RHB Fouad Bausi 0-0: Ball
1-0: Swinging Strike
1-1: Foul Ball, location: 2F
1-2: Strikes out swinging
Bottom of the 8th over - 0 runs, 1 hit, 0 errors, 1 left on base; University of Southern California 2 - Florida State University 11
TOP OF THE 9TH
University of Southern California Trojans batting - Pitching for Florida State University Seminoles : LHP Nate Moguel
Now at 2B: Scott Kuzma
Now in LF: Willie Gomez
Pinch Hitting: RHB Arturo Galdamez 0-0: Called Strike
0-1: Foul Ball, location: 2F
0-2: Ball
1-2: Foul Ball, location: 2F
1-2: Ball
2-2: Foul Ball, location: 2F
2-2: Foul Ball, location: 2F
2-2: Fly out, F7 (Flyball, 7LS, EV 85.0 MPH)
Pitching: RHP Jeff Glowacki
Batting: LHB Jeremy Kosnik 0-0: Ball
1-0: Called Strike
1-1: Swinging Strike
1-2: Ball
2-2: Strikes out looking
Pinch Hitting: LHB Alex Chairez 0-0: Fly out, F9 (Flyball, 89D, EV 90.0 MPH)
Top of the 9th over - 0 runs, 0 hits, 0 errors, 0 left on base; University of Southern California 2 - Florida State University 11
Thursday, March 31st , 2022 - OOTP Baseball 22.12 Build 89